 Dungeon Crawl Stone Soup version 0.17-a0-1880-gacf7e67 (webtiles) character file.

10663 mcbry74 the Grappler (level 11, -23/109 HPs)
             Began as a Troll Monk on Sept 21, 2015.
             Was a High Priest of the Shining One.
             Annihilated by a komodo dragon (28 damage)
             ... on level 1 of the Lair of Beasts.
             The game lasted 01:08:15 (9499 turns).

mcbry74 the Grappler (Troll Monk)                   Turns: 9499, Time: 01:08:15

Health: -23/109    AC:  7    Str: 22    XL:     11   Next: 39%
Magic:  12/12      EV: 13    Int:  8    God:    the Shining One [*****.]
Gold:   596        SH:  0    Dex: 12    Spells: 0 memorised, 10 levels left

rFire  + + .     SeeInvis .       - Unarmed
rCold  + + .     Rnd*Rage +     E - +0 robe {rC+ rF+}
rNeg   + + .     SustAt   .     (no shield)
rPois  .         Gourm    +     (helmet restricted)
rElec  +         Spirit   .     p - +1 cloak
rCorr  .         Warding  .     (gloves unavailable)
rMut   .         Stasis   .     (boots unavailable)
MR     .....                    (no amulet)
Stlth  +.........               c - ring of stealth
                                (no ring)

@: exhausted, slowed, glowing, very slow, not resistant to hostile enchantments,
very unstealthy
A: unfitting armour, claws 3, molten scales 1, berserk 1, blink, cold resistance
1, deformed body, fire resistance 1, fast metabolism 3, gourmand, high mp 1,
regeneration 2, screaming 1, shaggy fur 1, electricity resistance, spit poison
1, tough skin 2
a: Spit Poison, Blink, Divine Shield, Cleansing Flame, Summon Divine Warrior,
Renounce Religion


You were on level 1 of the Lair of Beasts.
You worshipped the Shining One.
The Shining One was extremely pleased with you.
You were hungry.

You visited 2 branches of the dungeon, and saw 9 of its levels.
You also visited: Sewer and Ossuary.

You collected 596 gold pieces.

Inventory:

Missiles
 h - 5 tomahawks (quivered)
Armour
 a - a +0 robe
 p - a +1 cloak (worn)
 u - a +0 robe of magic resistance
 E - a +0 robe of resistance (worn)
Jewellery
 c - a ring of stealth (right claw)
 w - an uncursed ring of sustain attributes {unknown}
 y - an uncursed ring of fire {unknown}
Magical devices
 q - a wand of lightning (0)
 B - a wand of teleportation (1)
Scrolls
 e - 3 scrolls of teleportation {unknown}
 i - 2 scrolls of enchant weapon
 j - 2 scrolls of fear {unknown}
 k - a scroll of torment {unknown}
 l - 3 scrolls of blinking {unknown}
 m - 9 scrolls of remove curse
 o - 2 scrolls of magic mapping {unknown}
 r - a scroll of noise {unknown}
 t - 2 scrolls of amnesia
 x - a scroll of vulnerability {unknown}
 A - 2 scrolls of enchant armour {unknown}
 C - 2 scrolls of recharging {unknown}
Potions
 d - a potion of agility
 s - 3 potions of haste
 F - a potion of curing {unknown}
 G - a potion of magic {unknown}
 H - a potion of poison {unknown}
 J - 2 potions of flight {unknown}
Books
 v - a book of Hinderance

   Spells                             Type                      Level
   a - Confusing Touch                Hexes                        2
   b - Confuse                        Hexes                        3
   c - Gell's Gravitas                Hexes/Translocation          3
   d - Petrify                        Transmutation/Earth          4
   e - Metabolic Englaciation         Hexes/Ice                    5
Comestibles
 b - 9 bread rations
 f - 4 meat rations
 g - 4 slices of pizza
 n - a beef jerky
 z - 4 fruits
 D - 11 royal jellies


   Skills:
 + Level 7.2 Fighting
 + Level 0.5 Throwing
 + Level 7.4 Dodging
 - Level 2.0 Stealth
 * Level 13.6 Unarmed Combat
 + Level 1.1 Invocations


You had 10 spell levels left.
You didn't know any spells.

Dungeon Overview and Level Annotations

Branches:
Dungeon (8/15)             Temple (0/1) D:5            Lair (1/8) D:8

Altars:
Elyvilon
Fedhas
Gozag
Kikubaaqudgha
Okawaru
Ru
The Shining One


Innate Abilities, Weirdness & Mutations

You are too large for most types of armour.
You have claws for hands.
Your metabolism is lightning-fast.
You like to eat raw meat.
You heal very quickly.
You are covered in fur (AC +1).
You have very tough skin (AC +2).
You are partially covered in molten scales (AC +1).
You tend to lose your temper in combat.
You can translocate small distances at will.
Your flesh is cold resistant.
Armour fits poorly on your strangely shaped body.
Your flesh is heat resistant.
You have an increased reservoir of magic (+10% MP).
You occasionally shout uncontrollably at your foes.
You are resistant to electric shocks.
You can spit weak poison.


Message History

* * * LOW HITPOINT WARNING * * *
Unknown command.
The komodo dragon misses you. The komodo dragon bites you.
* * * LOW HITPOINT WARNING * * *
The iguana hisses menacingly.
The komodo dragon bites you but does no damage.
The komodo dragon closely misses you.
Drink which item? (? for menu, Esc to quit)
Okay, then.
The komodo dragon bites you! The Shining One protects you from harm!
The komodo dragon barely misses you. The iguana bites you!
* * * LOW HITPOINT WARNING * * *
Use which ability?
You don't have enough health at the moment.
Use which ability?
You fail to use your ability.
The iguana misses you. The komodo dragon misses you.
The komodo dragon bites you!!
You die...

......
...#..≈≈≈≈....#.###P..#
...... ..
##.[≈≈.......# #.%.#
####.. # #
#..≈≈≈.##...# ##..##
..#...≈≈.##...####...#
......≈.##..........#
#....P.#........####
..#.......#.......#
..................#
#.@l...###.#P# ##
##ll....###### #..
##.....## #.. #.......#
.#..# ###.....###
..#... #.#.....#
......##...#..##
.......#..##..#
#.†#..#...#


You could see 2 komodo dragons and an iguana.

Vanquished Creatures
  A hydra (Lair:1)
  Erica (D:8)
  The ghost of barthelm the Protected, an experienced GrBe of Trog (D:8)
  Pikel (D:5)
  Maurice (D:8)
  Psyche (D:8)
  A spiny frog (D:8)
  3 komodo dragons
  A blink frog (D:8)
  10 yaks (Lair:1)
  3 basilisks (Lair:1)
  Menkaure (D:6)
  Duvessa (D:5)
  2 ice beasts
  Purgy (Sewer)
  A water moccasin (D:7)
  2 orc warriors
  3 phantoms
  A sky beast (D:5)
  2 ogres (D:6)
  4 centaurs
  2 crocodiles (D:8)
  2 elf zombies (Ossuary)
  6 giant frogs
  Dowan (D:5)
  A big kobold (D:8)
  2 scorpions
  10 killer bees
  5 crimson imps
  2 centaur zombies (Ossuary)
  3 orc priests
  A giant frog zombie (D:7)
  4 jellies
  A giant frog skeleton (D:4)
  A quasit (D:8)
  Crazy Yiuf (D:3)
  A centaur skeleton (D:5)
  3 orc wizards
  2 hounds
  4 hell rats (D:7)
  Natasha (thrice) (D:3)
  8 iguanas
  6 worker ants
  A big kobold zombie (Ossuary)
  2 hound skeletons (D:4)
  A hound zombie (D:5)
  2 mummies (Ossuary)
  A gnoll (D:5)
  16 adders
  5 river rats (D:7)
  3 shadow imps
  8 oozes
  An adder zombie (D:8)
  2 worms
  10 giant geckos
  23 orcs
  2 ball pythons
  8 goblins
  10 hobgoblins
  2 jackals (D:7)
  16 kobolds
  3 quokkas
  5 bats
  11 giant cockroaches
  13 giant newts
  A goblin zombie (Ossuary)
  7 hobgoblin zombies (Ossuary)
  11 kobold zombies (Ossuary)
  10 orc zombies (Ossuary)
  25 rats
  2 rat zombies (Ossuary)
312 creatures vanquished.

Vanquished Creatures (others)
  An ice beast (D:5)
1 creature vanquished.

Grand Total: 313 creatures vanquished

Notes
Turn   | Place    | Note
--------------------------------------------------------------
     0 | D:1      | mcbry74 the Troll Monk began the quest for the Orb.
     0 | D:1      | Reached XP level 1. HP: 22/22 MP: 0/0
   168 | D:1      | Reached XP level 2. HP: 27/29 MP: 1/1
   716 | D:2      | Reached XP level 3. HP: 36/36 MP: 2/2
   720 | D:2      | Found a faded altar to an unknown god.
   765 | D:2      | Found an opulent altar of Gozag.
   942 | D:2      | Found a white marble altar of Elyvilon.
  1261 | D:2      | Found a glowing golden altar of the Shining One.
  1268 | D:2      | Became a worshipper of the Shining One
  1268 | D:2      | Acquired the Shining One's first power
  1268 | D:2      | Acquired the Shining One's second power
  1677 | D:3      | Reached XP level 4. HP: 44/44 MP: 3/3
  1784 | D:3      | Noticed Natasha
  1793 | D:3      | Killed Natasha
  1793 | D:3      | Reached skill level 5 in Unarmed Combat
  1845 | D:3      | Found a glowing drain.
  1867 | Sewer    | Entered a sewer
  1873 | Sewer    | Noticed Purgy
  1883 | Sewer    | Killed Purgy
  1883 | Sewer    | Reached XP level 5. HP: 35/53 MP: 4/4
  2016 | Sewer    | Gained mutation: You have an increased reservoir of magic (+10% MP). [potion of mutation]
  2016 | Sewer    | Gained mutation: Your flesh is heat resistant. [potion of mutation]
  2016 | Sewer    | Gained mutation: You occasionally shout uncontrollably at your foes. [potion of mutation]
  2243 | D:3      | Found a sacrificial altar of Ru.
  2399 | D:3      | Noticed Crazy Yiuf
  2506 | D:3      | Killed Crazy Yiuf
  2631 | D:3      | Reached XP level 6. HP: 61/61 MP: 5/5
  2856 | D:3      | Noticed Natasha
  2859 | D:3      | Killed Natasha
  2957 | D:3      | Reached skill level 6 in Unarmed Combat
  2996 | D:3      | Noticed Natasha
  3005 | D:3      | Killed Natasha
  3022 | D:3      | Gained mutation: You can spit weak poison. [potion of mutation]
  3539 | D:5      | Entered Level 5 of the Dungeon
  3557 | D:5      | Reached XP level 7. HP: 64/68 MP: 6/6
  3576 | D:5      | Reached skill level 7 in Unarmed Combat
  3914 | D:5      | Noticed Dowan
  3916 | D:5      | Noticed Duvessa
  3921 | D:5      | Reached skill level 8 in Unarmed Combat
  3927 | D:5      | Reached XP level 8. HP: 41/78 MP: 7/7
  3940 | D:5      | Killed Duvessa
  3945 | D:5      | Killed Dowan
  4154 | D:5      | Found a sand-covered staircase.
  4214 | Ossuary  | Entered an ossuary
  4250 | Ossuary  | Acquired the Shining One's third power
  4290 | Ossuary  | Acquired the Shining One's fourth power
  4328 | Ossuary  | Reached skill level 9 in Unarmed Combat
  4479 | Ossuary  | Gained mutation: You are partially covered in molten scales (AC +1). [potion of mutation]
  4479 | Ossuary  | Gained mutation: You can translocate small distances at will. [potion of mutation]
  4496 | D:5      | Gained mutation: You are resistant to electric shocks. [potion of mutation]
  4568 | D:5      | Noticed Pikel
  4604 | D:5      | Killed Pikel
  4604 | D:5      | Reached skill level 5 in Fighting
  4604 | D:5      | Reached skill level 5 in Dodging
  4604 | D:5      | Reached XP level 9. HP: 79/88 MP: 8/8
  4646 | D:5      | Found a staircase to the Ecumenical Temple.
  4770 | D:5      | Found an iron altar of Okawaru.
  5000 | D:6      | HP: 3/88 [orc warrior/trident (16)]
  5135 | D:6      | Reached skill level 10 in Unarmed Combat
  5234 | D:6      | Gained mutation: You tend to lose your temper in combat. [potion of mutation]
  5234 | D:6      | Gained mutation: Your flesh is cold resistant. [potion of mutation]
  5234 | D:6      | Gained mutation: Armour fits poorly on your strangely shaped body. [potion of mutation]
  5257 | D:6      | Was placed under penance by the Shining One
  5539 | D:6      | Noticed Menkaure
  5555 | D:6      | Killed Menkaure
  6426 | D:4      | Was forgiven by the Shining One
  6972 | D:7      | Reached skill level 11 in Unarmed Combat
  7258 | D:7      | Found a blossoming altar of Fedhas.
  7272 | D:7      | Found an ancient bone altar of Kikubaaqudgha.
  7619 | D:7      | Reached skill level 1 in Invocations
  7639 | D:7      | Reached XP level 10. HP: 66/98 MP: 10/10
  8262 | D:8      | Noticed Psyche
  8267 | D:8      | Noticed Maurice
  8269 | D:8      | Killed Psyche
  8371 | D:8      | Noticed Erica
  8378 | D:8      | Killed Erica
  8378 | D:8      | Reached skill level 12 in Unarmed Combat
  8426 | D:8      | Noticed barthelm's ghost (experienced GrBe)
  8445 | D:8      | Killed barthelm's ghost
  8636 | D:8      | Found a staircase to the Lair.
  8773 | D:8      | Killed Maurice
  9114 | Lair:1   | Entered Level 1 of the Lair of Beasts
  9129 | Lair:1   | Reached XP level 11. HP: 87/107 MP: 12/12
  9136 | Lair:1   | Reached skill level 13 in Unarmed Combat
  9462 | Lair:1   | Noticed a five-headed hydra
  9468 | Lair:1   | Killed a ten-headed hydra
  9498 | Lair:1   | The Shining One protects you from harm!
  9498 | Lair:1   | HP: 4/109 [iguana (11)]
  9499 | Lair:1   | Annihilated by a komodo dragon

Vault maps used:
D:1:      lemuel_arrival_muddy
D:2:      nicolae_gozag_seed_capital, lemuel_round_altar, ecumenical_altar_1,
          serial_co_window_serial, co_window_of_opportunity_a,
          co_window_corner_a, co_window_corner_a, co_window_corner_a,
          co_window_paths_a, co_window_cross_3, co_window_corner_cb,
          co_window_paths_c, co_window_broadway_c, co_window_cross_2,
          glass_columns_a, first_bread, tso_altar
D:3:      nicolae_ru_the_path_less_chosen, gup_sewer_entry_pipe,
          roderic_lattice_a, minmay_misc_feat_doors, kennysheep_another_room,
          minivault_14, uniq_natasha, uniq_crazy_yiuf_cottage
D:5:      okawaru_altar_gauntlet_db, minmay_temple_entry_statues,
          nicolae_ossuary_entry_plus, hangedman_minor_gate_pass, uniq_pikel,
          uniq_duvessa
D:6:      uniq_menkaure
D:7:      lemuel_ratsnest, grunt_temple_overflow_growth_and_decay
D:8:      wad_pebble_path, dpeg_lair_monsters, minmay_misc_feat_enclosed,
          hangedman_little_slice_of_home, uniq_psyche, uniq_maurice, uniq_erica
Lair:1:   beast_lair_carwin_large_4, enter_volcano_1, serial_bayou_shore_b
Sewer:    kennysheep_door_sewer
Ossuary:  ossuary_tomb_1

Action                   |  1- 3 |  4- 6 |  7- 9 | 10-12 || total
-------------------------+-------+-------+-------+-------++-------
Melee: Unarmed           |    79 |   139 |   372 |   207 ||   797
Throw: Tomahawk          |       |     3 |       |       ||     3
Invok: Divine Shield     |       |       |     3 |     1 ||     4
 Abil: Spit Poison       |       |       |     1 |       ||     1
Evoke: Wand              |       |       |     2 |       ||     2
  Use: Potion            |     4 |     4 |     7 |       ||    15
       Scroll            |     4 |     2 |       |     1 ||     7
 Stab: Sleeping          |     2 |       |       |       ||     2
  Eat: Chunk             |    15 |    19 |    25 |    19 ||    78
       Bread ration      |       |       |     2 |       ||     2
       Fruit             |       |       |     2 |       ||     2
